 Dungeon Crawl Stone Soup version 0.29-a0-284-gf9362112df (webtiles) character file.

Game seed: 16310002115889142862

41 garrulousMonolith the Chopper (level 3, -1/33 HPs)
             Began as a Hill Orc Monk on Mar 28, 2022.
             Slain by Robin
             ... wielding a +1 falchion of electrocution
              (17 damage)
             ... on level 2 of the Dungeon.
             The game lasted 00:01:19 (1025 turns).

garrulousMonolith the Chopper (Hill Orc Monk)       Turns: 1025, Time: 00:01:20

Health: -1/33      AC:  6    Str: 15    XL:     3   Next: 52%
Magic:  4/4        EV: 10    Int: 10    God:
Gold:   64         SH:  0    Dex: 17    Spells: 2/2 levels left

rFire   . . .      SeeInvis .   f - +5 rapier of Beogh's Delight {freeze, Dex+4}
rCold   . . .      Faith    .   (no shield)
rNeg    . . .      Spirit   .   l - +0 scale mail
rPois   .          Reflect  .   (no helmet)
rElec   .          Harm     .   (no cloak)
rCorr   .          Rampage  .   (no gloves)
Will    .....                   (no boots)
Stlth   +.........              (no amulet)
HPRegen 0.11/turn               (no ring)
MPRegen 0.09/turn               (no ring)

@: no status effects
A: no striking features
a: no special abilities


You were on level 2 of the Dungeon.
You visited 1 branch of the dungeon, and saw 2 of its levels.

You collected 64 gold pieces.

Inventory:

Hand Weapons
 a - a +0 hand axe
 f - the +5 rapier of Beogh's Delight (weapon) {freeze, Dex+4}
   (You found it on level 2 of the Dungeon)

   It freezes those it strikes, dealing additional cold damage.
   It can also slow down cold-blooded creatures.
   Dex:       It affects your dexterity (+4).
Missiles
 k - 3 poisoned darts (quivered)
Armour
 l - a +0 scale mail (worn)
Scrolls
 b - a scroll of identify {unknown}
 h - a scroll of blinking {unknown}
 i - a scroll of teleportation {unknown}
Potions
 c - a potion of ambrosia
 d - a potion of might {unknown}
 e - a potion of attraction {unknown}
 g - a potion of curing {unknown}
 j - 2 potions of heal wounds {unknown}


   Skills:
 + Level 3.9 Fighting
 * Level 4.7 Axes
 + Level 1.0 Armour
 + Level 2.6 Dodging
 - Level 1.5 Stealth
 + Level 1.5 Invocations


You had 2 spell levels left.
You didn't know any spells.
Your spell library contained the following spells:

 Spells                   Type           Power      Damage    Failure   Level
 Dazzling Flash           Conj/Hex       0%         N/A       99%         3
 Inner Flame              Hex/Fire       0%         N/A       99%         3
 Portal Projectile        Hex/Tloc       0%         N/A       99%         3
 Summon Mana Viper        Hex/Summ       0%         N/A       100%        5


Dungeon Overview and Level Annotations

Branches:
Dungeon (2/15)

Altars:
Kikubaaqudgha

Annotations:
D:2 Robin


Message History

You hit the goblin. You freeze the goblin.
You kill the goblin!
The hobgoblin hits you. The goblin hits you but does no damage.
The goblin barely misses you. The goblin closely misses you.
The hobgoblin hits you. Robin throws the goblin at you!
The goblin hits you but does no damage.
You barely miss the goblin.
The hobgoblin hits you but does no damage.
The goblin hits you but does no damage. The goblin hits you with a +0 club.
The goblin hits you but does no damage.
You puncture the goblin! You freeze the goblin.
You kill the goblin!
The hobgoblin completely misses you. The goblin hits you but does no damage.
The goblin closely misses you.
Robin roars a battlecry!
The goblins go into a battle-frenzy!
The goblin barely misses you.
Items here: ))))) †††.
Robin says, "Bow before me, strongest of all the hobgoblins!"
Robin zaps a wand.
Some rock shatters into small pieces.
You see here a +0 flail.
The goblin attacks as you move away! The goblin hits you with a +0 dagger.
You hear a zap.
You hear a grinding noise.
You are too injured to fight recklessly!
You are too injured to fight recklessly!
You are too injured to fight recklessly!
You are too injured to fight recklessly!
The hobgoblin attacks as you move away!
The hobgoblin hits you but does no damage.
The hobgoblin attacks as you move away! The hobgoblin hits you.
Robin hits you with a +1 falchion of electrocution.
You puncture Robin! You freeze Robin.
Robin is heavily wounded.
The hobgoblin hits you.
You closely miss Robin.
Robin is heavily wounded.
Robin says, "My goblins will feast on your bones."
Robin hits you but does no damage.
You are electrocuted!
Ouch! That really hurt!
You die...

...# .....
.....####
........#
......).####
........).l####
.....#.g......#
###
#g##g#############
#@#.............#
##g############.#
##.# ####.# #.#
#....# #.# #.####
## #.# #.# #.# #.#


You could see Robin and 2 hobgoblins.

Vanquished Creatures
  2 dart slugs
  5 bats
  An endoplasm (D:1)
  2 giant cockroaches (D:1)
  3 hobgoblins (D:1)
  2 kobolds (D:1)
  2 ball pythons (D:1)
  A frilled lizard (D:1)
  12 goblins
  3 rats (D:1)
33 creatures vanquished.

Notes
Turn   | Place    | Note
-------+----------+-------------------------------------------
     0 | D:1      | garrulousMonolith the Hill Orc Monk began the quest for the
                  | Orb.
     0 | D:1      | Reached XP level 1. HP: 19/19 MP: 1/1
    29 | D:1      | Got the Disquisition on Supportive Bewitchment
   176 | D:1      | Found a faded altar of an unknown god.
   255 | D:1      | Reached XP level 2. HP: 27/27 MP: 2/2
   441 | D:1      | Reached skill level 1 in Invocations
   660 | D:1      | Reached XP level 3. HP: 33/33 MP: 3/3
   837 | D:2      | Reached skill level 1 in Armour
   872 | D:2      | Found an ancient bone altar of Kikubaaqudgha.
   986 | D:2      | Identified the +5 rapier of Beogh's Delight {freeze, Dex+4}
  1001 | D:2      | Noticed Robin
  1025 | D:2      | Slain by Robin

Illustrated notes

Levels and vault maps discovered:
D:1:      dpeg_arrival_rooms_with_view, layout_rooms,
          hellmonk_ecumenical_altar_zigzags
D:2:      layout_basic, basic_altar, uniq_robin

Skill      XL: |  1  2  3 |
---------------+----------+-----
Invocations    | 1 |  1.5
Armour         | 1 |  1.0
Fighting       | |  3.9
Axes           | |  4.7
Dodging        | |  2.6
Stealth        | |  1.5

Action                   || total
-------------------------++-------
Melee: Hand axe          ||    92
       Rapier            ||    15
 Stab: Sleeping          ||     2
       Distracted        ||     1
Armor: Ring mail         ||    44
       Robe              ||     3
       Scale mail        ||    29
Dodge: Dodged            ||    80

Table legend: (Time is in decaauts)
 A = Elapsed time spent in this place.
 B = Non-inter-level travel time spent in this place.
 C = Inter-level travel time spent in this place.
 D = Time resting spent in this place.
 E = Time spent auto-exploring this place.
 F = Levels seen in this place.
 G = Mean time per level.
                   A        B        C        D        E       F      G
               +--------+--------+--------+--------+--------+-----+--------+
         Total |   1034 |   1011 |     23 |      0 |    723 |   2 |  517.0 |
       Dungeon |   1034 |   1011 |     23 |      0 |    723 |   2 |  517.0 |
               +--------+--------+--------+--------+--------+-----+--------+

Top non-repeatable levels by time:
     D:1: 812 daAuts
     D:2: 222 daAuts
